 Dungeon Crawl Stone Soup version 0.31-a0-128-g25add195a6 (console) character file.

Game seed: 3167873724180442726

16077 petzl the Thaumaturge (level 12, -16/92 HPs)
             Began as a Formicid Delver on June 1, 2023.
             Was a Believer of Vehumet.
             Killed from afar by a bog body (32 damage)
             ... with a bolt of cold
             ... on level 2 of the Lair of Beasts.
             The game lasted 00:54:52 (14698 turns).

petzl the Thaumaturge (Formicid Delver)            Turns: 14698, Time: 00:54:54

Health: -16/92     AC:  8    Str: 19    XL:     12   Next: 65%
Magic:  29/29      EV: 19    Int: 15    God:    Vehumet [**....]
Gold:   278        SH:  8    Dex: 15    Spells: 35/37 levels left

rFire   + . .        b - +2 flail (venom)
rCold   . . .        J - +2 buckler of Eternal Night {Str+2}
rNeg    . . .        O - +2 robe {rF+}
rPois   +            (helmet unavailable)
rElec   .            S - +0 cloak {rPois}
rCorr   .            L - +1 pair of gloves {infuse}
SInv    +            o - +0 pair of boots
Will    +....        Q - amulet of the acrobat
Stlth   ++++         q - ring of poison resistance
HPRegen 0.35/turn    s - +5 ring of evasion
MPRegen 0.21/turn

%: acrobat, infuse magic (1 MP)
@: no status effects
A: permanent stasis, dig shafts and tunnels, antennae 3, four strong arms
a: Dig, Shaft Self, Renounce Religion


You were on level 2 of the Lair of Beasts.
You worshipped Vehumet.
Vehumet was pleased with you.
You visited 3 branches of the dungeon, and saw 17 of its levels.

You collected 1355 gold pieces.
You spent 1077 gold pieces at shops.

Inventory:

Hand Weapons
 a - a +3 arbalest of flaming
 b - a +2 flail of venom (weapon)
 c - the +6 trident of Fetuor {drain, rF+}
   (You bought it in a shop on level 6 of the Dungeon)

   rF:        It protects you from fire.
 d - a +4 quarterstaff of chaos
 n - a +2 falchion of holy wrath
 x - a +1 dagger of electrocution {!f =f}
 H - a +0 heavy orcbow
 R - a +1 short sword of protection
Missiles
 p - 36 poisoned darts (quivered)
 G - a curare-tipped dart
Armour
 o - a +0 pair of boots (worn)
 E - a scarf of resistance
 J - the +2 buckler of Eternal Night (worn) {Str+2}
   (You bought it in a shop on level 7 of the Dungeon)

   Str:       It affects your strength (+2).
 L - a +1 pair of gloves of infusion (worn)
 N - a scarf of shadows
 O - a +2 robe of fire resistance (worn)
 S - a +0 cloak of poison resistance (worn)
 T - a +0 leather armour of positive energy
Jewellery
 q - a ring of poison resistance (left hand)
 s - a +5 ring of evasion (right hand)
 F - a ring of magical power
 I - a ring of fire
 P - a ring of protection from fire
 Q - an amulet of the acrobat (around neck)
Wands
 f - a wand of digging (2)
 g - a wand of polymorph (10)
 r - a wand of roots (18)
 D - a wand of flame (7)
Scrolls
 e - 3 scrolls of fear
 k - a scroll of magic mapping
 m - 4 scrolls of amnesia
 t - 3 scrolls of poison
 u - 4 scrolls of vulnerability
 v - a scroll of torment
 y - a scroll of silence
 C - a scroll of fog
 V - a scroll of enchant armour
Potions
 h - 2 potions of curing
 i - 2 potions of enlightenment {unknown}
 j - 5 potions of brilliance {unknown}
 l - 3 potions of mutation {unknown}
 w - a potion of invisibility {unknown}
 z - a potion of heal wounds {unknown}
 A - 2 potions of berserk rage {unknown}
 B - 2 potions of cancellation {unknown}
 M - a potion of ambrosia {unknown}
 U - a potion of degeneration {unknown}


   Skills:
 - Level 7.9 Fighting
 - Level 2.0 Maces & Flails
 - Level 6.0 Ranged Weapons
 - Level 4.0 Armour
 - Level 5.3 Dodging
 - Level 9.0 Stealth
 - Level 7.0 Shields
 - Level 13.2 Spellcasting
 + Level 5.4 Conjurations


You had 35 spell levels left.
You knew the following spells:

 Your Spells              Type           Power      Damage    Failure   Level
a - Searing Ray           Conj           52%        2d6       1%          2

Your spell library contained the following spells:

 Spells                   Type           Power      Damage    Failure   Level
 Beastly Appendage        Tmut           18%        N/A       9%          1
 Sublimation of Blood     Necr           9%         N/A       13%         2
 Wereblood                Tmut           9%         N/A       13%         2
 Inner Flame              Hex/Fire       9%         N/A       26%         3
 Spider Form              Tmut/Pois      9%         N/A       26%         3
 Summon Guardian Golem    Hex/Summ       9%         N/A       26%         3
 Animate Armour           Summ/Erth      18%        N/A       63%         4
 Manifold Assault         Tloc           9%         N/A       63%         4
 Summon Lightning Spire   Summ/Air       9%         N/A       63%         4
 Blade Hands              Tmut           4%         N/A       93%         5
 Yara's Violent Unravell  Hex/Tmut       4%         3d4       93%         5
 Enfeeble                 Hex            4%         N/A       100%        7
 Storm Form               Tmut/Air       4%         N/A       100%        7
 Summon Hydra             Summ           4%         N/A       100%        7
 Discord                  Hex            4%         N/A       100%        8
 Blink                    Tloc           Unusable   N/A       N/A         2

Dungeon Overview and Level Annotations

Branches:
Dungeon (12/15)            Temple (1/1) D:5            Lair (4/5) D:9
  Swamp: Lair:2-3    Shoals: Lair:2-3     Snake: Lair:2-3    Spider: Lair:2-3
  Slime: Lair:4-5       Orc: D:9-12

Altars:
Ashenzari
Cheibriados
Elyvilon
Fedhas
Gozag
Hepliaklqana
Makhleb
Nemelex Xobeh
Okawaru
Qazlal
Ru
Sif Muna
Trog
Uskayaw
Vehumet
Wu Jian
Xom
Zin
The Shining One

Shops:
D:6 **=[!   D:7 (([[

Annotations:
D:4 Sigmund
D:5 Pikel
D:9 exclusion: two-headed ogre
D:10 exclusion: downstairs
D:11 Snorg
Lair:2 exclusion: downstairs


Innate Abilities, Weirdness & Mutations

You cannot be hasted, slowed, berserked, paralysed or teleported.
You can dig through walls and to a lower floor.
You have a pair of large antennae on your head. (SInv)
Your four strong arms can wield two-handed weapons with a shield.


Message History

The bog body gestures at you while chanting.
The bolt of cold hits you!!
You sock the bog body!
The bog body is almost destroyed.
The bog body touches you. The bog body freezes you!!
You closely miss the bog body.
The bog body is almost destroyed.
The bog body touches you!
* * * LOW HITPOINT WARNING * * *
The bog body freezes you!
* * * LOW HITPOINT WARNING * * *
You can't see any enemies this would affect, really read the scroll of fear?
Okay, then.
Unknown command.
Unknown command.
You feel better. You block the bog body's attack.
Are you sure you want to shaft yourself?
Okay, then.
Unknown command.
Unknown command.
Throw: 36 darts (poison)
Press: ? - help, Q - select action, (/) - cycle Shift-Dir - straight line, f/p - bog body
Aim: a bog body (almost destroyed, 65% to hit)
Okay, then.
Unknown command.
Throw: 2 throwing nets
Press: ? - help, Q - select action, (/) - cycle Shift-Dir - straight line, f/p - bog body
Aim: a bog body (almost destroyed, 65% to hit)
You throw a throwing net.
The throwing net closely misses the bog body.
The bog body points at you and mumbles some strange words.
You resist with some effort.
Throw: throwing net
Press: ? - help, Q - select action, (/) - cycle Shift-Dir - straight line, f/p - bog body
Aim: a bog body (almost destroyed, 65% to hit)
You throw a throwing net.
The throwing net barely misses the bog body.
The bog body casts a spell at you. The bolt of cold hits you!!
You die...

##....#..##.#........................
................................)....
.............†.......†...............
.....................................
.....................................
..#...P..............................
##....#.#..P.........................
#.....###.#.#..#..#.................
##.....P##########..#..##............
#......## ########........P###
#......## #..........# #.......#
...........# #.......# ......#....##
#.......# #......####.# #.......##
#... P........# ..... #.......##
#..... #........## ####......
#.......#.# ##.@n.....# ..........#
#.#........ .........## ##.........♣
.........# ###.........§§
.........####.........#.§§
.........P#.........##..♣♣
........................
.................#......
..............P.##....#
.....".........## #....
.........#P....# ...P
.........####...# .........# ...#
......... ..#


You could see a bog body.

Vanquished Creatures
  2 black mambas
  9 cane toads
  A kobold demonologist (D:8)
  4 komodo dragons
  2 trolls (D:9)
  Grinder (D:3)
  13 blink frogs
  A shadow (D:11)
  2 wraiths (D:10)
  14 yaks
  4 wyverns
  An acid dragon (D:9)
  6 water moccasins
  2 sky beasts
  4 orc warriors
  A black bear (D:8)
  4 wolves (Lair:4)
  4 ogres
  4 centaurs
  3 kobold brigands
  7 bullfrogs
  A gnoll sergeant (D:7)
  7 scorpions
  15 wights
  4 electric eels
  A howler monkey (D:7)
  6 jellies
  Crazy Yiuf (D:6)
  5 orc priests
  A gnoll bouda (D:7)
  Ijyb (D:3)
  3 iguanas
  8 orc wizards
  A mummy (D:8)
  11 gnolls
  5 adders
  A white imp (D:6)
  3 worms
  2 dart slugs
  34 orcs
  4 ball pythons
  2 bats
  6 endoplasms
  5 giant cockroaches
  6 goblins
  5 hobgoblins
  6 jackals
  2 quokkas
  2 frilled lizards
  23 kobolds
  A kobold zombie (D:8)
  An orc zombie (D:8)
  7 rats
269 creatures vanquished.

Notes
Turn   | Place    | Note
-------+----------+-------------------------------------------
     0 | D:5      | petzl the Formicid Delver began the quest for the Orb.
     0 | D:5      | Reached XP level 1. HP: 18/18 MP: 1/1
     9 | D:6      | Found Umnyjimm's Assorted Antiques.
    79 | D:5      | Noticed a jelly
    82 | D:5      | Killed a jelly
    83 | D:5      | Reached skill level 1 in Ranged Weapons
    83 | D:5      | Reached skill level 1 in Spellcasting
    83 | D:5      | Reached XP level 2. HP: 25/25 MP: 1/3
    83 | D:5      | Reached XP level 3. HP: 30/30 MP: 1/4
   120 | D:4      | Reached XP level 4. HP: 37/37 MP: 4/6
   189 | D:4      | Noticed Sigmund
   423 | D:4      | Reached XP level 5. HP: 42/42 MP: 7/7
   458 | D:5      | Reached skill level 2 in Spellcasting
   620 | D:3      | Reached XP level 6. HP: 49/49 MP: 9/9
  1155 | D:1      | Got the Writings on Obstruction
  1726 | D:2      | Found a faded altar of an unknown god.
  2252 | D:3      | Found a hide-covered altar of Uskayaw.
  2312 | D:3      | Reached skill level 3 in Spellcasting
  2328 | D:3      | Noticed Grinder
  2347 | D:3      | You fall into a shaft and drop 3 floors!
  2350 | D:6      | Found Tiqo Ceti's Assorted Antiques.
  2441 | D:6      | Bought 2 glowing silvery potions for 50 gold pieces
  2441 | D:6      | Bought an inky potion for 25 gold pieces
  2470 | D:3      | Found a hazy altar of Hepliaklqana.
  2620 | D:3      | Noticed Ijyb
  2662 | D:3      | You fall into a shaft and drop 2 floors!
  2672 | D:5      | Noticed an ogre
  2935 | D:3      | Reached skill level 5 in Fighting
  2935 | D:3      | Reached XP level 7. HP: 44/56 MP: 11/11
  3009 | D:3      | Killed Ijyb
  3023 | D:3      | Killed Grinder
  3024 | D:3      | Reached skill level 5 in Ranged Weapons
  3149 | D:3      | Reached skill level 4 in Spellcasting
  3442 | D:4      | Found a sacrificial altar of Ru.
  3686 | D:5      | Identified a scroll of acquirement
  3729 | D:6      | Acquired 668 gold pieces
  3731 | D:6      | Bought a masterwork trident for 178 gold pieces
  3731 | D:6      | Identified the +6 trident of Fetuor {drain, rF+} (You
                  | bought it in a shop on level 6 of the Dungeon)
  3731 | D:6      | Bought a notched agate ring for 105 gold pieces
  3827 | D:5      | Reached XP level 8. HP: 62/62 MP: 14/14
  3944 | D:5      | Reached skill level 5 in Spellcasting
  3952 | D:5      | Noticed Pikel
  3975 | D:5      | You fall into a shaft and drop 3 floors!
  4109 | D:8      | Found a bloodstained altar of Trog.
  4178 | D:8      | You fall into a shaft and drop 3 floors!
  4418 | D:11     | Noticed a shadow
  4426 | D:11     | Killed a shadow
  4427 | D:11     | Reached skill level 6 in Spellcasting
  4432 | D:11     | Noticed a two-headed ogre
  4452 | D:11     | Noticed Snorg
  4534 | D:11     | Noticed a vampire
  4817 | D:11     | Reached skill level 7 in Spellcasting
  4860 | D:10     | Entered Level 10 of the Dungeon
  4874 | D:10     | Reached XP level 9. HP: 51/68 MP: 20/20
  4888 | D:10     | Reached skill level 8 in Spellcasting
  5016 | D:10     | Reached skill level 9 in Spellcasting
  5265 | D:11     | Noticed a kobold demonologist
  5265 | D:11     | Noticed a kobold demonologist
  5601 | D:9      | Reached skill level 10 in Spellcasting
  5716 | D:9      | HP: 3/68 [yak (15)]
  5718 | D:9      | Reached XP level 10. HP: 15/74 MP: 24/24
  5858 | D:9      | Reached skill level 11 in Spellcasting
  6267 | D:7      | Found an opulent altar of Gozag.
  6633 | D:6      | Found Enaton's Jewellery Shoppe.
  6648 | D:6      | Reached skill level 12 in Spellcasting
  6666 | D:6      | Found Nuamast's Distillery.
  6679 | D:7      | Found Qamek's Weapon Emporium.
  6684 | D:7      | Found Lofas's Weapon Boutique.
  6691 | D:7      | Found Xigiza Keheu's Antique Armour Emporium.
  6691 | D:7      | Found Fyrchuitz's Antique Armour Boutique.
  6705 | D:7      | Bought a heavily runed buckler for 266 gold pieces
  6705 | D:7      | Identified the +2 buckler of Eternal Night {Str+2} (You
                  | bought it in a shop on level 7 of the Dungeon)
  6718 | D:7      | Bought a +2 flail of venom for 210 gold pieces
  6790 | D:6      | Found Qiukires's Antique Armour Emporium.
  7002 | D:7      | Bought a pair of runed gloves for 210 gold pieces
  7129 | D:5      | Reached skill level 1 in Shields
  7162 | D:5      | Found a staircase to the Ecumenical Temple.
  7172 | Temple   | Entered the Ecumenical Temple
  7376 | Temple   | Became a worshipper of Vehumet
  7555 | D:6      | Reached skill level 1 in Armour
  7648 | D:6      | Found a shimmering blue altar of Sif Muna.
  7902 | D:6      | Found a snail-covered altar of Cheibriados.
  8174 | D:6      | Found a runed translucent door.
  8175 | D:6      | Noticed Crazy Yiuf
  8192 | D:6      | Killed Crazy Yiuf
  8376 | D:6      | Bought a potion of curing for 33 gold pieces
  9689 | D:8      | Reached * piety under Vehumet
  9689 | D:8      | Offered knowledge of Sandblast by Vehumet.
  9935 | D:8      | Reached XP level 11. HP: 74/81 MP: 24/27
 10224 | D:8      | Found a glowing golden altar of the Shining One.
 10374 | D:8      | Noticed a sun demon
 10679 | D:9      | Noticed a two-headed ogre
 11014 | D:9      | Found a staircase to the Lair.
 11038 | Lair:1   | Entered Level 1 of the Lair of Beasts
 11362 | D:9      | Reached skill level 5 in Shields
 11841 | Lair:2   | Noticed a seven-headed hydra
 12066 | Lair:1   | Reached skill level 13 in Spellcasting
 12417 | Lair:2   | Reached XP level 12. HP: 91/91 MP: 29/29
 12665 | Lair:4   | Reached skill level 5 in Dodging
 12773 | Lair:3   | Reached ** piety under Vehumet
 12887 | Lair:2   | Offered knowledge of Searing Ray by Vehumet.
 12928 | Lair:1   | Learned a level 2 spell: Searing Ray
 13034 | Lair:1   | Reached skill level 1 in Conjurations
 14234 | Lair:1   | Reached skill level 5 in Conjurations
 14698 | Lair:2   | Killed from afar by a bog body

Illustrated notes

Levels and vault maps discovered:
D:1:      dpeg_arrival_windows_large_door, layout_loops_corners,
          amcnicky_mini_corridor_feature
D:2:      layout_loops_cross, shapermc_ecumenical_altar_mp_ritualfount
D:3:      layout_loops_ring, amcnicky_altar_gilded, lemuel_round_altar,
          uniq_ijyb, uniq_grinder
D:4:      layout_basic, nicolae_ru_great_annihilating_truth, uniq_sigmund
D:5:      layout_loops_corners, minmay_temple_entry_statues_fountains,
          kb_lookout_dungeons_type, uniq_pikel
D:6:      layout_cave_pools, cheibrodos_worm_habitat, marbit_many_paths,
          serial_shops, nicolae_shop_temple_entry_statues_fountains, shop, shop,
          nicolae_shop_temple_entry_statues_fountains, shop,
          hangedman_decor_points, uniq_crazy_yiuf_cottage
D:7:      layout_basic, grunt_gozag_statues, nicolae_wooded_promenade,
          palyth_stone_intersect, abandoned_shop
D:8:      layout_basic, lemuel_doored_altar, tso_altar,
          nicolae_ossuary_entry_giza, nicolae_kite_square_tiling_tiny,
          hangedman_decor_diamond_cutter, minivault_14, minmay_between
D:9:      layout_irregular_city, erik_lair_dragon
D:10:     layout_gridville, gammafunk_temple_overflow_claw,
          minmay_misc_feat_rows
D:11:     layout_roguey, grunt_ministairs_14, dreamdust_mushroom_princess,
          uniq_snorg, uniq_sonja
D:12:     layout_small_grid, kennysheep_orc_monster_closet_entryway,
          portal_ice_cave_entry_pillars_1, hangedman_glass_teeth
Temple:   grunt_temple_mini_profane
Lair:1:   layout_layer_cave, grunt_megastairs_4
Lair:2:   layout_hall_layers, skrybe_swamp_entry_bodies, dreamdust_wasp_nest
Lair:3:   layout_regular_city, spider_nest_entry_a,
          chequers_serial_rivers_small_a, dpeg_oklob_1, uniq_rupert
Lair:4:   layout_long_grid, slime_entry_1, st_stairs_5

Skill      XL: |  1  2  3  4  5  6  7  8  9 10 11 12 |
---------------+-------------------------------------+-----
Ranged Weapons | 1 2 3 4 6 |  6.0
Spellcasting   | 1 2 3 4 7 10 12 13 | 13.2
Fighting       | 4 5 7 |  7.9
Dodging        | 3 4 5 |  5.3
Shields        | 3 6 7 |  7.0
Armour         | 2 4 |  4.0
Stealth        | 7 8 9 |  9.0
Conjurations   | 5 |  5.4
Maces & Flails | |  2.0

Action                     |  1- 3 |  4- 6 |  7- 9 | 10-12 || total
---------------------------+-------+-------+-------+-------++-------
  Melee: Dagger            |       |    11 |       |       ||    11
         Flail             |       |    10 |    87 |   233 ||   330
         Quarterstaff      |       |       |       |    60 ||    60
         Trident           |       |       |       |     1 ||     1
   Fire: Arbalest          |     5 |   148 |   112 |   303 ||   568
  Throw: Dart              |       |     4 |       |       ||     4
         Throwing net      |       |       |       |     2 ||     2
Ability: Shaft Self        |       |     2 |     2 |       ||     4
         Dig               |       |       |     1 |     3 ||     4
  Evoke: Wand              |       |       |     1 |     1 ||     2
    Use: Scroll            |       |     4 |     4 |     9 ||    17
         Potion            |       |       |     6 |     3 ||     9
 Armour: Leather armour    |       |    18 |    34 |    12 ||    64
         Robe              |       |       |       |    40 ||    40
  Dodge: Dodged            |       |    52 |   126 |   313 ||   491
  Block: Buckler           |       |       |       |   131 ||   131

Table legend: (Time is in decaauts)
 A = Elapsed time spent in this place.
 B = Non-inter-level travel time spent in this place.
 C = Inter-level travel time spent in this place.
 D = Time resting spent in this place.
 E = Time spent auto-exploring this place.
 F = Levels seen in this place.
 G = Mean time per level.
                   A        B        C        D        E       F      G
               +--------+--------+--------+--------+--------+-----+--------+
         Total |  15161 |  14354 |    807 |   2906 |   6806 |  17 |  891.8 |
       Dungeon |  11510 |  10833 |    677 |   2204 |   5010 |  12 |  959.2 |
        Temple |    216 |    178 |     38 |      0 |    174 |   1 |  216.0 |
          Lair |   3434 |   3342 |     92 |    702 |   1622 |   4 |  858.5 |
               +--------+--------+--------+--------+--------+-----+--------+

Top non-repeatable levels by time:
  Lair:1: 2628 daAuts
     D:8: 1729 daAuts
     D:9: 1664 daAuts
     D:6: 1296 daAuts
     D:7: 1290 daAuts
     D:5: 1058 daAuts
     D:1: 962 daAuts
     D:3: 940 daAuts
     D:2: 677 daAuts
     D:4: 671 daAuts
  Lair:2: 602 daAuts
    D:11: 595 daAuts
    D:10: 486 daAuts
  Temple: 216 daAuts
    D:12: 137 daAuts
